[Event "FIDE Women World Blitz 2021"]
[Site "Warsaw"]
[Date "2021.12.30"]
[Round "16.6"]
[White "Katkov, Michelle"]
[Black "Kazarian, Anna-Maja"]
[Result "0-1"]
[ECO "C06"]
[WhiteElo "1651"]
[BlackElo "2138"]
[Annotator "NA"]
[PlyCount "111"]
[EventDate "2021.12.29"]
[EventType "swiss"]
[EventCountry "POL"]
[Tiebreak "Cut1 Buchholz"]
[SourceTitle "playchess.com"]
[Source "ChessBase"]
[SourceQuality "1"]
[TimeControl "180+2"]

1. e4 e6 2. d4 d5 3. Nd2 Nf6 4. e5 Nfd7 5. Bd3 c5 6. c3 Nc6 7. Ne2 cxd4 8. cxd4 f6 9. exf6 Qxf6 10. Nf3 h6 11. O-O Bd6 12. Re1 O-O 13.
Bc2 Rd8 14. Qd3 Nf8 15. a3 Bd7 16. Ng3 Be8 17. Be3 Rac8 18.
Rac1 g5 19. Qd2 g4 20. Ne5 Nxe5 21. dxe5 Bxe5 22. Bxh6 Bxb2 23. Rb1 Bc3 24. Qe3 Bxe1 25. Bg5 Bxf2+ 26. Kh1 Bxe3 27. Bxf6 Rxc2 28.
Bxd8 Bc6 29. Nf1 Bc5 30. Rd1 d4 31. Nd2 d3 32. Bg5 Bxa3 33.
Be3 Bb4 34. Kg1 Bxd2 35. Bxd2 b5 36. h4 b4 37. Bxb4 Rxg2+ 38. Kf1 Be4 39. Re1 Bd5 40. h5 Nh7 41. Rd1 Ng5 42. Rxd3 Rh2 43.
Rg3 Bf3 44. Rg1 Ne4 45. Ke1 Re2+ 46. Kf1 Rb2 47. Be1 Kh7 48. Bg3 Rb1+ 49. Be1 Nd2+ 50. Kf2 Ne4+ 51. Ke3 Kh6 52. Kf4 a5 53. Ke5 Kh7 54. Kxe6 a4 55. Bf2 Rxg1 56. Bxg1 0-1

[Event "FIDE Women World Blitz 2021"]
[Site "Warsaw"]
[Date "2021.12.30"]
[Round "16.7"]
[White "Mamedjarova, Zeinab"]
[Black "Bodnaruk, Anastasia"]
[Result "1-0"]
[ECO "A48"]
[WhiteElo "2249"]
[BlackElo "2396"]
[Annotator "NA"]
[PlyCount "117"]
[EventDate "2021.12.29"]
[EventType "swiss"]
[EventCountry "POL"]
[Tiebreak "Cut1 Buchholz"]
[SourceTitle "playchess.com"]
[Source "ChessBase"]
[SourceQuality "1"]
[TimeControl "180+2"]

1. d4 Nf6 2. Nf3 g6 3. e3 Bg7 4. Be2 d6 5. O-O O-O 6. b3 c5 7. Bb2 b6 8. d5 e5 9. dxe6 fxe6 10. c4 Bb7 11. Nc3 Qe7 12. a4 Nc6 13.
Qd2 Rad8 14. Rad1 a6 15. Qc2 Nb4 16. Qb1 d5 17. cxd5 exd5 18.
a5 b5 19. Ba3 Nc6 20. Bb2 d4 21. exd4 cxd4 22. Rfe1 dxc3 23. Bc4+ bxc4 24. Rxe7 Nxe7 25. Bxc3 Rxd1+ 26. Qxd1 cxb3 27. Qxb3+ Bd5 28. Qb6 Rc8 29. Qb2 Nh5 30.
Bxg7 Nxg7 31. Nd4 Ngf5 32. h3 Nxd4 33. Qxd4 Rc6 34. Qe5 Re6 35. Qb8+ Kg7 36. Qb2+ Kh6 37. Qd2+ g5 38. h4 Rg6 39. Qe3 Nf5 40. hxg5+ Rxg5 41. Qh3+ Kg7 42. f3 h5 43. Kf2 h4 44. Qh1 Rg6 45. Qa1+ Kh7 46. Qe5 Be6 47. Qc7+ Kh6 48. Qc1+ Kh5 49. Qc6 Kh6 50. Qxa6 Nd4 51. Qb6 Nf5 52. a6 Bc4 53. Qc5 Bxa6 54. Qxf5 Bc4 55. Qf4+ Kh5 56. Qxc4 Kh6 57. Qxh4+ Kg7 58. Qe7+ Kh6 59. g4 1-0

[Event "FIDE Women World Blitz 2021"]
[Site "Warsaw"]
[Date "2021.12.30"]
[Round "16.7"]
[White "Smietanska, Wiktoria"]
[Black "Rudzinska, Michalina"]
[Result "0-1"]
[ECO "A33"]
[WhiteElo "1765"]
[BlackElo "1832"]
[Annotator "NA"]
[PlyCount "68"]
[EventDate "2021.12.29"]
[EventType "swiss"]
[EventCountry "POL"]
[Tiebreak "Cut1 Buchholz"]
[SourceTitle "playchess.com"]
[Source "ChessBase"]
[SourceQuality "1"]
[TimeControl "180+2"]

1. c4 c5 2. Nf3 Nc6 3. Nc3 Nf6 4. g3 e6 5. Bg2 Be7 6. d4 cxd4 7. Nxd4 a6 8. O-O O-O 9. e4 Qc7 10. Be3 d6 11. b3 Bd7 12. f4 Nxd4 13.
Bxd4 e5 14. Be3 exf4 15. Bxf4 Qc5+ 16. Kh1 b5 17. Nd5 Nxd5 18. cxd5 Rac8 19. Rc1 Qa3 20. Qe2 Bf6 21. Qd2 b4 22. Rfd1 Bg4 23. Rf1 Bc3 24. Qc2 Bb2 25. Qb1 Bxc1 26. Bxc1 Qa5 27. Bb2 Qb5 28. Re1 Be2 29. Ba1 Qd3 30. Qb2 f6 31. h4 Rc2 32. Qb1 Bf3 33.
Bxf3 Qxf3+ 34. Kg1 Qg2# 0-1

[Event "FIDE Women World Blitz 2021"]
[Site "Warsaw"]
[Date "2021.12.30"]
[Round "16.8"]
[White "Kashlinskaya, Alina"]
[Black "Buksa, Nataliya"]
[Result "1/2-1/2"]
[ECO "D37"]
[WhiteElo "2482"]
[BlackElo "2199"]
[Annotator "ChessBase"]
[PlyCount "101"]
[EventDate "2021.12.29"]
[EventType "swiss"]
[EventCountry "POL"]
[Tiebreak "Cut1 Buchholz"]
[SourceTitle "playchess.com"]
[Source "ChessBase"]
[SourceQuality "1"]
[TimeControl "180+2"]

1. d4 d5 2. c4 e6 3. Nc3 Be7 4. Nf3 Nf6 5. Bf4 O-O 6. e3 b6 7. Be2 dxc4 8. Bxc4 Ba6 9. Qe2 Bxc4 10. Qxc4 c5 11. dxc5 Bxc5 12. O-O Nbd7 13. Rfd1 Qc8 14. Rac1 Qb7 15. Bg3 Rac8 16. Qh4 h6 17. h3 a6 18. Ne5 Rfd8 19. Ne2 Nxe5 20. Bxe5 Be7 21. Rxd8+ Bxd8 22. Rd1 Nd5 23. Qg3 f6 24. Bd4 e5 25. Bc3 Be7 26. Qf3 Rd8 27. Ng3 g6 28.
h4 h5 29. Qe4 Kg7 30. a3 Rd7 31. Be1 b5 32. Qf3 Nb6 33. Rxd7 Qxd7 34. Ne4 Nc4 35. Bc3 Qg4 36. Qxg4 hxg4 37. Kh2 Kf7 38. Kg3 f5 39. Ng5+ Bxg5 40. hxg5 Ke6 41. e4 Nd6 42. exf5+ Kxf5 43. f3 gxf3 44. gxf3 Nf7 45. Kf2 Nxg5 46. Ke3 Ne6 47. Ba5 Nc5 48. Bd8 Na4 49. b3 Nc3 50. Be7 Nd5+ 51. Kd3 1/2-1/2

[Event "FIDE Women World Blitz 2021"]
[Site "Warsaw"]
[Date "2021.12.30"]
[Round "16.8"]
[White "Parol, Pola"]
[Black "Budkiewicz, Magdalena"]
[Result "1-0"]
[ECO "B83"]
[WhiteElo "1823"]
[BlackElo "1624"]
[Annotator "NA"]
[PlyCount "97"]
[EventDate "2021.12.29"]
[EventType "swiss"]
[EventCountry "POL"]
[Tiebreak "Cut1 Buchholz"]
[SourceTitle "playchess.com"]
[Source "ChessBase"]
[SourceQuality "1"]
[TimeControl "180+2"]

1. e4 c5 2. Nf3 d6 3. d4 cxd4 4. Nxd4 Nf6 5. Nc3 a6 6. Nb3 e6 7. Be3 Be7 8. Be2 Nc6 9. O-O O-O 10. f4 b5 11. a3 Bb7 12. Kh1 Rc8 13. Qe1 Qc7 14. Qg3 Kh8 15. Rae1 Nd7 16. Qf2 Bf6 17. Bd2 Nb6 18. g4 Nc4 19. g5 Be7 20. Bc1 d5 21. Bf3 dxe4 22. Nxe4 Nd6 23. Qh4 Nf5 24. Qf2 Rcd8 25. Rd1 Na5 26. Nxa5 Qxa5 27. Ng3 Bxf3+ 28. Qxf3 Nd4 29. Qe4 e5 30. fxe5 Ne6 31. h4 Qc7 32. Nf5 Bc5 33. b4 Be7 34. Be3 Rxd1 35.
Rxd1 Rc8 36. Kg1 Bf8 37. Nd6 Bxd6 38. exd6 Qd7 39. Qf5 Kg8 40. Qd3 Rc4 41. Bf2 Rg4+ 42. Kf1 Rc4 43. Qd5 Rxc2 44. Ke1 Rc8 45. Kf1 Qd8 46. d7 Rc7 47. Bb6 Nf4 48. Bxc7 Qxc7 49. d8=Q+ 1-0

[Event "FIDE Women World Blitz 2021"]
[Site "Warsaw"]
[Date "2021.12.30"]
[Round "16.9"]
[White "Vaishali R"]
[Black "Zatonskih, Anna"]
[Result "1-0"]
[ECO "B13"]
[WhiteElo "2405"]
[BlackElo "2394"]
[Annotator "NA"]
[PlyCount "177"]
[EventDate "2021.12.29"]
[EventType "swiss"]
[EventCountry "POL"]
[Tiebreak "Cut1 Buchholz"]
[SourceTitle "playchess.com"]
[Source "ChessBase"]
[SourceQuality "1"]
[TimeControl "180+2"]

1. d4 d5 2. Bf4 c5 3. e3 Nc6 4. Nf3 Bg4 5. Nbd2 e6 6. c3 cxd4 7.
exd4 Bd6 8. Bxd6 Qxd6 9. h3 Bh5 10. Bd3 Nf6 11. O-O O-O 12.
Re1 Rab8 13. a4 Qc7 14. Qb1 Bg6 15. Ne5 Nxe5 16. dxe5 Nd7 17. Nf3 Nc5 18. Bxg6 fxg6 19. Nd4 Qe7 20. Qd1 a6 21. Qg4 Rbe8 22.
Re3 g5 23. Rae1 h6 24. a5 Ne4 25. f3 Nc5 26. b4 Nd7 27. Qg3 Nb8 28. Qf2 Rc8 29. Nb3 Rc4 30. Nc5 Nc6 31. Qb2 Rf5 32. Nd3 Rf8 33. Qb3 Nd8 34. Nb2 Rc7 35. c4 dxc4 36. Nxc4 Nf7 37. Rd3 Rd7 38. Red1 Rfd8 39. Kh2 Rd5 40. Rxd5 exd5 41. Nb6 Qxe5+ 42. Kh1 d4 43. Qc4 Qd6 44. Qd3 Ne5 45. Qb3+ Kh8 46. Na4 d3 47. Nc5 Qc6 48. Qc3 Rd5 49. Qb3 Rd8 50. Qb2 Ng6 51. Qc3 Nf4 52. Rd2 Qd5 53. Kh2 Kg8 54. Ne4 Qd4 55. Qb3+ Qd5 56. Qc3 Kh8 57. Nc5 Ne6 58. Rxd3 Qc6 59. Rxd8+ Nxd8 60. Qd4 Ne6 61. Nxe6 Qxe6 62. Qd8+ Kh7 63. Qd3+ Kh8 64. Qd4 Qc6 65. Kg3 Kg8 66. Kg4 Qe6+ 67. Kg3 Qc6 68. Kf2 Kf7 69. Ke3 g6 70. Kd3 Ke6 71. Qe4+ Kd7 72. Qd4+ Qd6 73. Ke4 Qxd4+ 74. Kxd4 Kd6 75. g3 h5 76. Ke4 Ke6 77. h4 gxh4 78. gxh4 Kf6 79. Kf4 Ke6 80. Kg5 Kf7 81. f4 Kg7 82. f5 gxf5 83. Kxf5 Kh6 84. Kf6 Kh7 85. Kg5 Kg7 86. Kxh5 Kh7 87. Kg5 Kg7 88. Kf5 Kh6 89. Ke6 1-0

[Event "FIDE Women World Blitz 2021"]
[Site "Warsaw"]
[Date "2021.12.30"]
[Round "16.9"]
[White "Zabrzanska, Weronika"]
[Black "Jarocka, Liwia"]
[Result "0-1"]
[ECO "B01"]
[WhiteElo "1596"]
[BlackElo "1851"]
[Annotator "NA"]
[PlyCount "148"]
[EventDate "2021.12.29"]
[EventType "swiss"]
[EventCountry "POL"]
[Tiebreak "Cut1 Buchholz"]
[SourceTitle "playchess.com"]
[Source "ChessBase"]
[SourceQuality "1"]
[TimeControl "180+2"]

1. e4 d5 2. exd5 Qxd5 3. Nc3 Qd8 4. d4 g6 5. Nf3 Bg7 6. h3 Nf6 7. Be2 O-O 8. O-O b6 9. Be3 Bb7 10. Qd2 e6 11. Rad1 Nc6 12. Bh6 Ne7 13.
Bxg7 Kxg7 14. Rfe1 Rc8 15. a3 c5 16. dxc5 Qxd2 17. Nxd2 Rxc5 18. Bf3 Bxf3 19. Nxf3 Ned5 20. Nxd5 Nxd5 21. Rd2 Rfc8 22. c3 b5 23. Red1 R5c7 24. Nd4 a6 25. Kf1 Nb6 26. Rc2 Nc4 27. Ra1 e5 28. Nf3 f6 29. Ke2 Nb6 30. Rd1 Kf7 31. Rd6 Rc6 32. Rd1 Ke7 33. Nd2 Nd5 34. Nb3 Nf4+ 35. Kf1 R6c7 36. Rcd2 h5 37. h4 Ne6 38. Na5 Nc5 39. f3 Rd7 40. Rxd7+ Nxd7 41. Nb3 Nb6 42. Na5 Na4 43. Rd2 Rc7 44. Ke2 Ke6 45. Kd1 Rd7 46. Rxd7 Kxd7 47. Kc2 Nc5 48. c4 f5 49. cxb5 axb5 50. Nb3 Ne6 51. g3 g5 52. hxg5 Nxg5 53.
Nd2 Kc6 54. Kd3 Kd5 55. b3 Ne6 56. a4 Nc5+ 57. Kc3 bxa4 58. bxa4 Nxa4+ 59. Kd3 Nc5+ 60. Ke3 Ne6 61. Nb1 f4+ 62. gxf4 exf4+ 63. Kf2 Ke5 64. Nd2 Ng5 65. Nc4+ Kf6 66. Nd2 h4 67. Nf1 Kf5 68. Nh2 Nf7 69. Ng4 Ne5 70. Nh2 Kg5 71. Kg2 Kh5 72. Nf1 Nf7 73. Nd2 Ng5 74. Nf1 h3+ 0-1

[Event "FIDE Women World Blitz 2021"]
[Site "Warsaw"]
[Date "2021.12.30"]
[Round "16.10"]
[White "Paehtz, Elisabeth"]
[Black "Kulon, Klaudia"]
[Result "1-0"]
[ECO "D00"]
[WhiteElo "2485"]
[BlackElo "2328"]
[Annotator "ChessBase"]
[PlyCount "79"]
[EventDate "2021.12.29"]
[EventType "swiss"]
[EventCountry "POL"]
[Tiebreak "Cut1 Buchholz"]
[SourceTitle "playchess.com"]
[Source "ChessBase"]
[SourceQuality "1"]
[TimeControl "180+2"]

1. d4 d5 2. Bf4 Nf6 3. Nc3 c5 4. e3 Nc6 5. Nb5 e5 6. dxe5 Ng4 7. e6 Nge5 8. exf7+ Kxf7 9. Bxe5 Nxe5 10. Qh5+ Ng6 11. Nf3 Kg8 12. Nc3 Be6 13. Ng5 Bf5 14. O-O-O Be7 15. Rxd5 Qc8 16. Bc4 Kf8 17. Rxf5+ Bf6 18. Ne6+ Ke8 19. Ne4 Ke7 20. Rd1 b5 21. Bd5 Rb8 22. Nxf6 gxf6 23. Qh6 Qg8 24. Nf4 Qf8 25. Qxf8+ Rhxf8 26. Nxg6+ hxg6 27. Rf3 c4 28. Rh3 a5 29. Rh7+ Kd6 30. Bxc4+ Ke5 31. Re7+ Kf5 32. Be2 Kg5 33. g3 f5 34. h4+ Kf6 35. Red7 Rb6 36. R7d6+ Rxd6 37. Rxd6+ Ke5 38. Rxg6 b4 39. Bc4 Re8 40. Re6+ 1-0

[Event "FIDE Women World Blitz 2021"]
[Site "Warsaw"]
[Date "2021.12.30"]
[Round "16.10"]
[White "Bartel, Marta"]
[Black "Heredia Serrano, Carla"]
[Result "1-0"]
[ECO "D03"]
[WhiteElo "2192"]
[BlackElo "2138"]
[Annotator "NA"]
[PlyCount "45"]
[EventDate "2021.12.29"]
[EventType "swiss"]
[EventCountry "POL"]
[Tiebreak "Cut1 Buchholz"]
[SourceTitle "playchess.com"]
[Source "ChessBase"]
[SourceQuality "1"]
[TimeControl "180+2"]

1. d4 d5 2. Nf3 Nf6 3. Bg5 Bf5 4. e3 e6 5. c4 c6 6. Qb3 Nbd7 7. Nc3 dxc4 8. Bxc4 Nb6 9. Be2 Be7 10. O-O O-O 11. Rfd1 Ne4 12. Nxe4 Bxe4 13. Bf4 Qd5 14. Qxd5 exd5 15. a3 a5 16. Rac1 Rfd8 17. Nd2 Bf5 18. Bc7 Na4 19. Bxd8 Bxd8 20. b3 Nb6 21. a4 Be7 22. Nb1 Ba3 23. Nxa3 1-0

[Event "FIDE Women World Blitz 2021"]
[Site "Warsaw"]
[Date "2021.12.30"]
[Round "16.11"]
[White "Babiy, Olga"]
[Black "Gaponenko, Inna"]
[Result "1/2-1/2"]
[ECO "B06"]
[WhiteElo "2179"]
[BlackElo "2339"]
[Annotator "NA"]
[PlyCount "139"]
[EventDate "2021.12.29"]
[EventType "swiss"]
[EventCountry "POL"]
[Tiebreak "Cut1 Buchholz"]
[SourceTitle "playchess.com"]
[Source "ChessBase"]
[SourceQuality "1"]
[TimeControl "180+2"]

1. d4 g6 2. e4 Bg7 3. Nc3 d6 4. f4 a6 5. Nf3 b5 6. Be3 Bb7 7. Bd3 Nd7 8. a4 b4 9. Ne2 c5 10. c3 Ngf6 11. Ng3 O-O 12. O-O bxc3 13. bxc3 Ng4 14. Qe2 Nxe3 15. Qxe3 cxd4 16. cxd4 Qa5 17. e5 Bxf3 18. Rxf3 dxe5 19. fxe5 Nb6 20. Ne4 Rad8 21. Ng5 Qc3 22. Rb1 Nxa4 23. Bxa6 Qxd4 24. Qxd4 Rxd4 25. Re1 Nc5 26. Bf1 h6 27. Nh3 Rfd8 28. Rc3 Ne6 29. Nf2 R4d5 30. Rce3 Nd4 31. Bc4 Rc5 32. Bd3 Nc6 33. e6 f5 34. Bb1 Bd4 35. R3e2 Na5 36. Kh1 Nb3 37. Nd3 Rc3 38. Nf4 Kg7 39.
Rb2 Nc5 40. Rbe2 Bf6 41. Nh3 Rb3 42. Nf4 Rdb8 43. Ba2 Rb2 44.
h3 Rxe2 45. Rxe2 Ne4 46. Re1 Rb2 47. Bc4 Be5 48. Nd3 Nf2+ 49. Nxf2 Rxf2 50. Rxe5 Kf6 51. Re1 g5 52. Kg1 Rb2 53. Rc1 h5 54. Kh2 h4 55. Bd5 Rd2 56. Bb3 Rb2 57. Bd5 Rd2 58.
Bb3 Rb2 59. Bc4 Rd2 60. Kh1 Rb2 61. Kg1 Rd2 62. Kf1 Rb2 63.
Kg1 Rd2 64. Bb3 Rb2 65. Bc4 Rd2 66. Rf1 Ke5 67. Re1+ Kf6 68.
Rf1 Ke5 69. Re1+ Kf4 70. Rf1+ 1/2-1/2

[Event "FIDE Women World Blitz 2021"]
[Site "Warsaw"]
[Date "2021.12.30"]
[Round "16.11"]
[White "Brambilla, Renee Blandy T."]
[Black "Gil Quilez, Sonia"]
[Result "0-1"]
[ECO "D13"]
[WhiteElo "1651"]
[BlackElo "2122"]
[Annotator "NA"]
[PlyCount "94"]
[EventDate "2021.12.29"]
[EventType "swiss"]
[EventCountry "POL"]
[Tiebreak "Cut1 Buchholz"]
[SourceTitle "playchess.com"]
[Source "ChessBase"]
[SourceQuality "1"]
[TimeControl "180+2"]

1. d4 d5 2. c4 c6 3. Nc3 Nf6 4. cxd5 cxd5 5. Nf3 Nc6 6. Bf4 a6 7. Qc2 e6 8. Bg5 Be7 9. e3 O-O 10. Bd3 h6 11. Bh4 Nb4 12. Qb1 Nxd3+ 13. Qxd3 b5 14. O-O Bd7 15. Rac1 b4 16. Ne2 Bb5 17. Qd2 Ne4 18.
Bxe7 Nxd2 19. Bxd8 Nxf1 20. Kxf1 Rfxd8 21. Ke1 Rdc8 22. Rc5 Bxe2 23. Kxe2 Rxc5 24. dxc5 Rc8 25. Kd3 Rxc5 26.
Nd2 Kf8 27. Nb3 Rc7 28. Na5 Ke7 29. Nb3 Kd6 30. Nd4 g6 31.
h3 e5 32. Nb3 f5 33. g4 fxg4 34. hxg4 h5 35. gxh5 gxh5 36. Nd2 h4 37. Nf3 h3 38. Nh2 Rg7 39. Ke2 Rg2 40. Kf3 Rxh2 41. Kg3 Rg2+ 42. Kxh3 Rxf2 43. Kg3 Rf8 44. Kg4 e4 45. Kg3 Ke5 46. Kg4 Rg8+ 47. Kh3 d4 0-1

[Event "FIDE Women World Blitz 2021"]
[Site "Warsaw"]
[Date "2021.12.30"]
[Round "16.12"]
[White "Girya, Olga"]
[Black "Bivol, Alina"]
[Result "1-0"]
[ECO "D30"]
[WhiteElo "2402"]
[BlackElo "2377"]
[Annotator "NA"]
[PlyCount "78"]
[EventDate "2021.12.29"]
[EventType "swiss"]
[EventCountry "POL"]
[Tiebreak "Cut1 Buchholz"]
[SourceTitle "playchess.com"]
[Source "ChessBase"]
[SourceQuality "1"]
[TimeControl "180+2"]

1. d4 d5 2. c4 e6 3. Nf3 Nf6 4. Bg5 Be7 5. e3 dxc4 6. Bxc4 c5 7. O-O Nc6 8. dxc5 Qa5 9. Nc3 Qxc5 10. Be2 O-O 11. Rc1 Qa5 12. Qb3 e5 13.
Bxf6 Bxf6 14. Nd5 e4 15. Nxf6+ gxf6 16. Nd4 Nxd4 17. exd4 Kh8 18. Rc5 Qd2 19. Qe3 Qxe3 20. fxe3 f5 21. Rc7 b6 22. d5 Kg7 23. Bc4 Kf6 24. Rc6+ Ke5 25. Rh6 Bd7 26. Rxh7 Rac8 27. Bb3 a5 28. a4 b5 29. axb5 Bxb5 30. Ra1 a4 31. Bd1 Kxd5 32. Rh5 Bd7 33.
Bxa4 Ra8 34. Bb3+ Ke5 35. Rxa8 Rxa8 36. Bxf7 Kf6 37. Bc4 Ra4 38. b3 Ra2 39. h4 Rd2 1-0

[Event "FIDE Women World Blitz 2021"]
[Site "Warsaw"]
[Date "2021.12.30"]
[Round "16.12"]
[White "Da Silva, Cibele Florencio"]
[Black "Kolaric, Spela"]
[Result "0-1"]
[ECO "C55"]
[WhiteElo "1405"]
[BlackElo "2178"]
[Annotator "NA"]
[PlyCount "66"]
[EventDate "2021.12.29"]
[EventType "swiss"]
[EventCountry "POL"]
[Tiebreak "Cut1 Buchholz"]
[SourceTitle "playchess.com"]
[Source "ChessBase"]
[SourceQuality "1"]
[TimeControl "180+2"]

1. e4 e5 2. Nf3 Nc6 3. Nc3 Nf6 4. Bc4 Nxe4 5. Nxe4 d5 6.
Bxd5 Qxd5 7. d3 Bf5 8. Qe2 O-O-O 9. O-O Bg4 10. c4 Qxd3 11.
Qxd3 Rxd3 12. Be3 f6 13. Rfd1 Rxd1+ 14. Rxd1 Be7 15. Nc3 Rd8 16. Rxd8+ Kxd8 17. h3 Be6 18. Nb5 Bxc4 19. Nxa7 Nxa7 20. Bxa7 b6 21. b3 Bd5 22. Nd2 Kc8 23. Nc4 Bxc4 24. bxc4 Kb7 25. Bxb6 cxb6 26. Kf1 Kc6 27. Ke2 Kc5 28. Kd3 f5 29. f3 Kb4 30. g3 Bc5 31. g4 g6 32. gxf5 gxf5 33. h4 h5 0-1

[Event "FIDE Women World Blitz 2021"]
[Site "Warsaw"]
[Date "2021.12.30"]
[Round "16.13"]
[White "Salimova, Nurgyul"]
[Black "Padmini, Rout"]
[Result "1-0"]
[ECO "C13"]
[WhiteElo "2353"]
[BlackElo "2353"]
[Annotator "NA"]
[PlyCount "59"]
[EventDate "2021.12.29"]
[EventType "swiss"]
[EventCountry "POL"]
[Tiebreak "Cut1 Buchholz"]
[SourceTitle "playchess.com"]
[Source "ChessBase"]
[SourceQuality "1"]
[TimeControl "180+2"]

1. d4 Nf6 2. Nc3 e6 3. e4 d5 4. Bg5 dxe4 5. Nxe4 Be7 6.
Bxf6 gxf6 7. Nf3 a6 8. g3 b5 9. Bg2 Nd7 10. O-O Bb7 11. Re1 c5 12. Nc3 cxd4 13. Qxd4 Qb6 14. Qf4 Nc5 15. a4 bxa4 16. Nxa4 Nxa4 17. Qxa4+ Bc6 18. Qg4 Kf8 19. Qf4 h5 20. Nh4 Bxg2 21. Nxg2 Kg7 22. Qf3 Bd6 23. Rad1 Be5 24. Ne3 Rac8 25. b3 Rc3 26. Rd7 Rc7 27. Nc4 Qc5 28. Nxe5 fxe5 29. Qxf7+ Kh6 30. Qf6# 1-0

[Event "FIDE Women World Blitz 2021"]
[Site "Warsaw"]
[Date "2021.12.30"]
[Round "16.14"]
[White "Injac, Teodora"]
[Black "Garifullina, Leya"]
[Result "1/2-1/2"]
[ECO "E09"]
[WhiteElo "2387"]
[BlackElo "2416"]
[Annotator "NA"]
[PlyCount "59"]
[EventDate "2021.12.29"]
[EventType "swiss"]
[EventCountry "POL"]
[Tiebreak "Cut1 Buchholz"]
[SourceTitle "playchess.com"]
[Source "ChessBase"]
[SourceQuality "1"]
[TimeControl "180+2"]

1. d4 Nf6 2. c4 e6 3. Nf3 d5 4. g3 Be7 5. Bg2 O-O 6. Qc2 Nbd7 7. O-O c6 8.
Nbd2 b6 9. e4 dxc4 10. Nxc4 Bb7 11. Re1 c5 12. Bf4 cxd4 13. Nd6 Bxd6 14. Bxd6 d3 15. Qxd3 Bxe4 16. Qd4 e5 17. Nxe5 Nxe5 18. Bxe5 Qxd4 19. Bxd4 Bxg2 20. Kxg2 Nd5 21. Rad1 Rad8 22. a3 f6 23. Kf3 Rd7 24. Rd2 Rfd8 25. Red1 Kf7 26. h4 h5 27. Be3 Ke6 28. Bd4 Ne7 29. Bc3 Nd5 30. Bd4 1/2-1/2

[Event "FIDE Women World Blitz 2021"]
[Site "Warsaw"]
[Date "2021.12.30"]
[Round "16.15"]
[White "Kiolbasa, Oliwia"]
[Black "Berend, Elvira"]
[Result "1/2-1/2"]
[ECO "B92"]
[WhiteElo "2403"]
[BlackElo "2328"]
[Annotator "NA"]
[PlyCount "78"]
[EventDate "2021.12.29"]
[EventType "swiss"]
[EventCountry "POL"]
[Tiebreak "Cut1 Buchholz"]
[SourceTitle "playchess.com"]
[Source "ChessBase"]
[SourceQuality "1"]
[TimeControl "180+2"]

1. e4 c5 2. Nf3 d6 3. d4 cxd4 4. Nxd4 Nf6 5. Nc3 a6 6. Be2 e5 7. Nb3 Be7 8. Bg5 Be6 9. Qd3 Nbd7 10. O-O-O Qc7 11. Kb1 b5 12. h4 b4 13. Nd5 Bxd5 14. exd5 a5 15. Nd2 O-O 16. Ne4 Nxe4 17. Qxe4 Nc5 18. Qg4 f5 19. Qh3 a4 20. Bd3 e4 21. Bb5 b3 22. cxb3 axb3 23.
a3 Rf7 24. Rc1 Rb8 25. Bc4 Qa5 26. Qc3 Qb6 27. Be3 Bf6 28. Bd4 Na4 29. Bxb6 Nxc3+ 30. bxc3 Rxb6 31. Kb2 Rc7 32. Be2 Rc5 33. Rhd1 Be5 34. a4 Rb8 35. Bb5 Bf4 36. Rb1 Be5 37. Rbc1 Bf4 38. Rb1 Be5 39. Rbc1 Bf4 1/2-1/2

[Event "FIDE Women World Blitz 2021"]
[Site "Warsaw"]
[Date "2021.12.30"]
[Round "16.16"]
[White "Mamedjarova, Turkan"]
[Black "Maltsevskaya, Aleksandra"]
[Result "1-0"]
[ECO "E61"]
[WhiteElo "2264"]
[BlackElo "2411"]
[Annotator "NA"]
[PlyCount "83"]
[EventDate "2021.12.29"]
[EventType "swiss"]
[EventCountry "POL"]
[Tiebreak "Cut1 Buchholz"]
[SourceTitle "playchess.com"]
[Source "ChessBase"]
[SourceQuality "1"]
[TimeControl "180+2"]

1. d4 Nf6 2. c4 g6 3. Nc3 Bg7 4. Bg5 O-O 5. e3 d6 6. Nf3 c6 7. Bd3 a6 8. O-O b5 9. a3 Nbd7 10. Rc1 Bb7 11. e4 e5 12. dxe5 dxe5 13.
Qe2 Nc5 14. Bc2 Ne6 15. Be3 Nd4 16. Bxd4 exd4 17. Rcd1 c5 18. cxb5 axb5 19. Nxb5 Re8 20. Nd2 Qb6 21. a4 Qc6 22. f3 Nh5 23. Qc4 Qf6 24. Nc7 Qg5 25. Nxa8 Be5 26. Rf2 Rxa8 27. Bb3 Rf8 28. Nf1 Kg7 29. a5 Bc8 30. a6 Be6 31. Qc2 d3 32. Rxd3 Nf4 33.
Bxe6 Nh3+ 34. Bxh3 Ra8 35. g3 Qf6 36. Qc4 Bxb2 37. Rxb2 Qxb2 38. Rd7 Kh6 39. Qxf7 Rh8 40. Qf4+ g5 41. Qd6+ Kh5 42. Bg4# 1-0

[Event "FIDE Women World Blitz 2021"]
[Site "Warsaw"]
[Date "2021.12.30"]
[Round "16.17"]
[White "Batsiashvili, Nino"]
[Black "Osmak, Yuliia"]
[Result "0-1"]
[ECO "A96"]
[WhiteElo "2491"]
[BlackElo "2198"]
[Annotator "ChessBase"]
[PlyCount "140"]
[EventDate "2021.12.29"]
[EventType "swiss"]
[EventCountry "POL"]
[Tiebreak "Cut1 Buchholz"]
[SourceTitle "playchess.com"]
[Source "ChessBase"]
[SourceQuality "1"]
[TimeControl "180+2"]

1. c4 e6 2. Nf3 f5 3. g3 Nf6 4. Bg2 Be7 5. O-O O-O 6. Nc3 d6 7. d4 Nc6 8. Rb1 e5 9. d5 Nb8 10. b4 a5 11. a3 axb4 12. axb4 Qe8 13. Qb3 h6 14. c5 Kh7 15. cxd6 cxd6 16. Bd2 Na6 17. Rfc1 Bd7 18. Be3 Qh5 19. b5 Nc7 20. Bb6 Nce8 21. Ra1 Rc8 22. Ra7 Rb8 23. Na4 f4 24. Bc7 Nxc7 25. Rxc7 Rfc8 26. b6 Bd8 27. Rxc8 Rxc8 28. Nc3 e4 29. Nd4 e3 30. fxe3 fxg3 31. hxg3 Ng4 32. Nf3 Bf6 33. Qb1+ Bf5 34. e4 Bg6 35. Nd1 Re8 36. Ra4 Ne5 37. Nf2 Nxf3+ 38. exf3 Qg5 39. Kh2 Be5 40. f4 Qh5+ 41. Kg1 Bf6 42. Rc4 Qe2 43. Qf1 Qb2 44. Ng4 Bd4+ 45. Kh1 Bxb6 46. f5 Bh5 47. Nh2 Bc5 48. g4 Bf7 49. Qf4 Qa1+ 50.
Nf1 Qf6 51. Rc2 b5 52. Ra2 b4 53. Qf3 Rb8 54. Nd2 Qh4+ 55. Bh3 Qe1+ 56. Nf1 Qb1 57. Re2 Bd4 58. g5 hxg5 59. Bg4 Rh8 60. Rh2+ Kg8 61. Rxh8+ Kxh8 62. f6 gxf6 63. Bf5 Kg7 64. Qh3 Kf8 65. Kg2 Ke7 66. Ng3 Qc2+ 67. Kf3 Qd1+ 68. Kg2 Qd2+ 69. Kf3 Qf2+ 70. Kg4 Qf4# 0-1

[Event "FIDE Women World Blitz 2021"]
[Site "Warsaw"]
[Date "2021.12.30"]
[Round "16.18"]
[White "Kovanova, Baira"]
[Black "Kamalidenova, Meruert"]
[Result "1-0"]
[ECO "B90"]
[WhiteElo "2331"]
[BlackElo "2339"]
[Annotator "NA"]
[PlyCount "38"]
[EventDate "2021.12.29"]
[EventType "swiss"]
[EventCountry "POL"]
[Tiebreak "Cut1 Buchholz"]
[SourceTitle "playchess.com"]
[Source "ChessBase"]
[SourceQuality "1"]
[TimeControl "180+2"]

1. e4 c5 2. Nf3 d6 3. d4 cxd4 4. Nxd4 Nf6 5. Nc3 a6 6. Be3 e5 7. Nf3 Be6 8. Ng5 d5 9. exd5 Bf5 10.
Bc4 Bb4 11. O-O O-O 12. Qe2 Bxc3 13. bxc3 Nxd5 14. Qf3 Be6 15. Rad1 e4 16. Qxe4 Nf6 17. Qxb7 Bxc4 18. Rxd8 Rxd8 19. Qxa8 Bxf1 1-0